 Dungeon Crawl Stone Soup version 0.30-a0-422-g946f4849ff (webtiles) character file.

Game seed: 10337916954860392517

109 Inus the Sneak (level 4, -7/18 HPs)
             Began as a Felid Air Elementalist on Dec 9, 2022.
             Killed by nerve-wracking pain
             ... invoked by Grinder
              (14 damage)
             ... on level 3 of the Dungeon.
             The game lasted 00:05:40 (2514 turns).

Inus the Sneak (Felid Air Elementalist)             Turns: 2514, Time: 00:05:41

Health: -7/18      AC:  1    Str:  6    XL:     4   Next: 60%
Magic:  9/9        EV: 18    Int: 16    God:
Gold:   126        SH:  0    Dex: 16    Spells: 7/8 levels left
                                        Lives:  0   Deaths: 1

rFire   . . .      SeeInvis +    (weapon unavailable)
rCold   . . .      Faith    .    (shield unavailable)
rNeg    . . .      Spirit   .    (body armour unavailable)
rPois   .          Reflect  .    (helmet unavailable)
rElec   .          Harm     .    (cloak unavailable)
rCorr   .          Rampage  .    (gloves unavailable)
Will    .....                    (boots unavailable)
Stlth   +++.......               (no amulet)
HPRegen 0.23/turn                (no ring)
MPRegen 0.11/turn                (no ring)

@: quick
A: very small, claws 1, fangs 3, see invisible, speed 1, shaggy fur 1, stealthy
paws, no weapons or thrown items, no armour, multi-lived, MP-powered wands
a: no special abilities


You were on level 3 of the Dungeon.
You visited 1 branch of the dungeon, and saw 3 of its levels.

You collected 126 gold pieces.

Inventory:

Jewellery
 d - a +6 ring of dexterity
 e - a ring of fire
 g - a ring of magical power
Wands
 i - a wand of polymorph (6)
Scrolls
 b - 2 scrolls of blinking
 c - 3 scrolls of identify {unknown}
 f - 2 scrolls of teleportation {unknown}
 h - 3 scrolls of amnesia {unknown}
 k - a scroll of brand weapon {unknown}
 m - a scroll of enchant armour {unknown}
Potions
 a - a potion of magic
 j - a potion of attraction
 l - a potion of curing


   Skills:
 + Level 3.9 Dodging
 + Level 4.1 Stealth
 + Level 2.8 Spellcasting
 + Level 2.1 Conjurations
 + Level 3.3 Air Magic


You had 7 spell levels left.
You knew the following spells:

 Your Spells              Type           Power      Damage    Failure   Level
a - Shock                 Conj/Air       44%        1d5       6%          1

Your spell library contained the following spells:

 Spells                   Type           Power      Damage    Failure   Level
 Static Discharge         Conj/Air       22%        2-3/arc   10%         2
 Swiftness                Air            13%        N/A       14%         3
 Airstrike                Air            6%         2d(1-17)  43%         4


Dungeon Overview and Level Annotations

Branches:
Dungeon (3/15)

Altars:
Trog

Shops:
D:1 ?

Annotations:
D:3 Grinder


Innate Abilities, Weirdness & Mutations

You have sharp claws.
You have razor-sharp teeth.
You have supernaturally acute eyesight. (SInv)
You cover ground quickly. (Speed+)
You are covered in fur. (AC +1)
Your paws help you pounce on unaware monsters.
You are incapable of wielding weapons or throwing items.
You cannot wear armour.
You gain extra lives every three experience levels.
You expend magic power (3 MP) to strengthen your wands.


Message History

You closely miss the goblin. Your bite misses the goblin.
The goblin hits you with a +0 club.
You scratch the goblin.
You kill the goblin!
No target in view!
No target in view!
No target in view!
No target in view!
No target in view!
No target in view!
No target in view!
A bat comes into view.
Found a book of Fire.
You see here a scroll labelled RERPHA HERU.
A bat is nearby!
m - a scroll labelled RERPHA HERU
Found a book of Dreams.
Found a stone staircase leading up.
Grinder comes into view.
Grinder shouts!
You hear a shout!
Grinder blinks!
Grinder moves out of view.
An orc comes into view. It is wielding a +0 hand axe.
The orc shouts!
An adder comes into view.
Grinder blinks!
A rat comes into view.
Found 13 gold pieces.
The adder hisses angrily.
Grinder blinks!
You scratch the bat.
You kill the bat!
You closely miss Grinder. Grinder hits you!
You writhe in agony.
Blink to where?
Press: ? - help, Dir - move target
As you read the scroll labelled MYFUGI ZUREET, it crumbles to dust.
It was a scroll of blinking.
The orc misses you. The adder misses you. The orc closely misses you.
The rat completely misses you. Grinder gestures at you.
Pain shoots through your body!
Ouch! That really hurt!
You die...

##### #######
.....##.....##
.$...........## ####
..............#######...
..............##......##
......r.......##......#
....:.S@......##......#
.......o5.:...##......#
.......†......##......#
.............###......#
.....#......## #......##
#######.#.### #........
#.#.# #......## #.#.#
########. #...### ##.


You could see Grinder, an adder, an orc and a rat.

Vanquished Creatures
  Natasha (thrice) (D:2)
  4 adders
  A dart slug (D:2)
  2 endoplasms (D:1)
  3 giant cockroaches
  6 goblins
  4 hobgoblins
  6 jackals
  A kobold (D:1)
  A quokka (D:1)
  4 ball pythons
  4 bats
  3 frilled lizards
  A rat (D:2)
43 creatures vanquished.

Notes
Turn   | Place    | Note
-------+----------+-------------------------------------------
     0 | D:1      | Inus the Felid Air Elementalist began the quest for the
                  | Orb.
     0 | D:1      | Reached XP level 1. HP: 7/7 MP: 4/4
    31 | D:1      | Reached skill level 1 in Conjurations
   189 | D:1      | Reached skill level 3 in Stealth
   189 | D:1      | Reached XP level 2. HP: 11/11 MP: 0/6
   409 | D:1      | Found Sypsun's Magic Scroll Emporium.
  1191 | D:2      | Reached XP level 3. HP: 14/14 MP: 4/7
  1237 | D:2      | Noticed Natasha
  1268 | D:2      | Killed Natasha
  1345 | D:2      | Gained mutation: You expend magic power (3 MP) to
                  | strengthen your wands. [potion of mutation]
  1426 | D:2      | Found a bloodstained altar of Trog.
  1441 | D:2      | Reached XP level 4. HP: 18/18 MP: 8/8
  1815 | D:2      | Succumbed to an adder's poison
  1816 | D:2      | Reached XP level 3. HP: 0/14 MP: 6/7
  1991 | D:2      | Noticed Natasha
  1998 | D:2      | Killed Natasha
  1999 | D:2      | Reached skill level 4 in Stealth
  1999 | D:2      | Reached XP level 4. HP: 18/18 MP: 1/9
  2057 | D:2      | Noticed Natasha
  2062 | D:2      | Killed Natasha
  2507 | D:3      | Noticed Grinder
  2514 | D:3      | Killed from afar by Grinder

Illustrated notes

Levels and vault maps discovered:
D:1:      ncdulo_watergridlock, layout_loops_corners, serial_shops, shop,
          chequers_serial_rivers_micro_a, nicolae_figureground_pulse
D:2:      layout_basic, basic_altar, uniq_natasha
D:3:      minmay_chambers_of_twos, layout_rooms, grunt_ministairs_15,
          fountainhead, uniq_grinder

Skill      XL: |  1  2  3  4 |
---------------+-------------+-----
Conjurations   | 1 2 |  2.1
Stealth        | 3 4 |  4.1
Dodging        | 3 |  3.9
Air Magic      | 3 |  3.3
Spellcasting   | |  2.8

Action                   |  1- 3 |  4- 6 || total
-------------------------+-------+-------++-------
Melee: Unarmed           |    93 |    25 ||   118
       Bite              |     7 |       ||     7
 Cast: Shock             |    46 |    32 ||    78
  Use: Potion            |     2 |     4 ||     6
       Scroll            |       |     1 ||     1
 Stab: Sleeping          |     4 |     3 ||     7
Armor: Skin              |    10 |       ||    10
Dodge: Dodged            |    76 |    26 ||   102

Table legend: (Time is in decaauts)
 A = Elapsed time spent in this place.
 B = Non-inter-level travel time spent in this place.
 C = Inter-level travel time spent in this place.
 D = Time resting spent in this place.
 E = Time spent auto-exploring this place.
 F = Levels seen in this place.
 G = Mean time per level.
                   A        B        C        D        E       F      G
               +--------+--------+--------+--------+--------+-----+--------+
         Total |   2225 |   2177 |     48 |      0 |   1761 |   3 |  741.7 |
       Dungeon |   2225 |   2177 |     48 |      0 |   1761 |   3 |  741.7 |
               +--------+--------+--------+--------+--------+-----+--------+

Top non-repeatable levels by time:
     D:2: 1106 daAuts
     D:1: 811 daAuts
     D:3: 307 daAuts
